 Dungeon Crawl Stone Soup version 0.32-a0-699-g1ee5eff69a (webtiles) character file.

Game seed: 7884436676990299956

64 Alarak the Changeling (level 4, -1/32 HPs)
             Began as a Merfolk Shapeshifter on Mar 13, 2024.
             Was an Initiate of Makhleb.
             Slain by a goblin
             ... wielding a +0 club
             ... led by Robin
              (5 damage)
             ... on level 2 of the Dungeon.
             The game lasted 00:05:06 (1544 turns).

Alarak the Changeling (Merfolk Shapeshifter)        Turns: 1544, Time: 00:05:09

Health: -1/32      AC:  2    Str: 15    XL:     4   Next: 12%
Magic:  4/4        EV: 12    Int: 14    God:    Makhleb [......]
Gold:   70         SH:  0    Dex: 17    Spells: 3/3 levels left

rFire   . . .        j - +1 short sword (speed)
rCold   . . .        (no shield)
rNeg    . . .        a - +0 animal skin
rPois   .            (helmet currently unavailable)
rElec   .            (cloak currently unavailable)
rCorr   .            (gloves currently unavailable)
SInv    .            (boots currently unavailable)
Will    .....        (no amulet)
Stlth   ++           f - +6 ring of intelligence
HPRegen 0.25/turn    (no ring)
MPRegen 0.09/turn

%: random rage (3%)
@: beast-form
A: beast (slay +3), (nimble swimmer 2), mertail, agile 1, berserk 1, devolution
1
a: Begin Untransformation, Renounce Religion


You were on level 2 of the Dungeon.
You worshipped Makhleb.
Makhleb was noncommittal.
You were a hulking beast.
You visited 1 branch of the dungeon, and saw 2 of its levels.

You collected 70 gold pieces.

Inventory:

Hand Weapons
 j - a +1 short sword of speed (weapon)
Armour
 a - a +0 animal skin (worn)
Jewellery
 f - a +6 ring of intelligence (left hand)
 g - a ring of fire
Talismans
 c - a beast talisman (active)
 d - a flux talisman
Scrolls
 b - a scroll of immolation {unknown}
Potions
 h - a potion of curing {unknown}
 i - a potion of degeneration {unknown}


   Skills:
 - Level 1.1 Fighting
 - Level 2.6 Dodging
 - Level 3.2 Unarmed Combat
 + Level 6.1 Shapeshifting


You had 3 spell levels left.
You didn't know any spells.
Your spell library was empty.

Dungeon Overview and Level Annotations

Branches:
Dungeon (2/15)

Altars:
Makhleb

Annotations:
D:2 Robin


Innate Abilities, Weirdness & Mutations

You are a hulking beast.
Your limbs bulge with bestial killing power. (Slay +3)
((You are very nimble when in or above water. (Stealth+, EV+, Speed+++)))
Your lower body shifts to a powerful aquatic tail in water.
You are agile. (Dex +4, Str/Int -1)
You sometimes lose your temper in combat.
You have hidden genetic defects.


Message History

Robin is severely wounded.
Robin hits you with a +1 mace of protection.
You barely miss Robin.
Robin is severely wounded.
You hit Robin but do no damage.
Robin is severely wounded.
Robin throws the goblin at you! The goblin hits you with a +0 club.
* * * LOW HITPOINT WARNING * * *
You hit Robin but do no damage.
Robin is severely wounded.
Robin barely misses you.
You completely miss Robin.
Robin is severely wounded.
The goblin hits you with a +0 club.
* * * LOW HITPOINT WARNING * * *
You hit Robin.
Robin is almost dead.
Robin misses you. The goblin barely misses you.
It was a potion of mutation.
You feel extremely strange.
You feel a hidden malignance growing inside you.
You feel agile.
You feel a little pissed off. Robin closely misses you.
The goblin barely misses you.
You are a hulking beast.
Your movement speed is average.
Your attack delay is about 0.6.
Your damage rating with your +1 short sword of speed is about 9 (Base 5 x 117% (Dex) x 101% (Skill) + 4 (Ench + Slay)).
Your base attributes are Str 16, Int 9, Dex 13.
You hit Robin but do no damage.
Robin is almost dead.
Robin roars a battlecry!
The goblin goes into a battle-frenzy!
The goblin misses you.
You hit Robin but do no damage.
Robin is almost dead.
You closely miss Robin.
Robin is almost dead.
Robin's bangles clink loudly.
Robin hits you with a +1 mace of protection.
* * * LOW HITPOINT WARNING * * *
The goblin hits you with a +0 club.
You die...

........######........
........### #........
..........####......._
........#.##.......... #
........#.#......#...รท
#.).......#.# ###....<.
.........#.# # #.#.#..
..###'#######.#..###.#.#..
......))ghg..........#....
##.##.#######.##########..
.. #... ... ## ##### ##..
#.#


You could see Robin and a goblin (strong).

Vanquished Creatures
  2 dart slugs
  A ribbon worm (D:2)
  6 ball pythons (D:1)
  3 endoplasms
  2 giant cockroaches
  14 goblins
  7 hobgoblins
  2 jackals (D:1)
  A quokka (D:1)
  3 bats
  2 frilled lizards (D:1)
  2 kobolds
  4 rats
49 creatures vanquished.

Notes
Turn   | Place    | Note
-------+----------+-------------------------------------------
     0 | D:1      | Alarak the Merfolk Shapeshifter began the quest for the
                  | Orb.
     0 | D:1      | Reached XP level 1. HP: 15/15 MP: 1/1
   235 | D:1      | Reached XP level 2. HP: 21/21 MP: 2/2
   615 | D:1      | Reached skill level 5 in Shapeshifting
   726 | D:1      | Reached XP level 3. HP: 21/26 MP: 3/3
  1211 | D:2      | Found a burning altar of Makhleb.
  1265 | D:2      | Became a worshipper of Makhleb the Destroyer
  1508 | D:2      | Reached skill level 6 in Shapeshifting
  1513 | D:2      | Reached XP level 4. HP: 30/32 MP: 4/4
  1525 | D:2      | Noticed Robin
  1541 | D:2      | Gained mutation: You have hidden genetic defects. [potion
                  | of mutation]
  1541 | D:2      | Gained mutation: You are agile. (Dex +4, Str/Int -1)
                  | [potion of mutation]
  1541 | D:2      | Gained mutation: You sometimes lose your temper in combat.
                  | [potion of mutation]
  1544 | D:2      | Slain by a goblin

Illustrated notes

Levels and vault maps discovered:
D:1:      amcnicky_arrival_wind_blow, layout_basic
D:2:      layout_basic, basic_altar, uniq_robin

Skill      XL: |  1  2  3 |
---------------+----------+-----
Shapeshifting  | 5 6 |  6.1
Fighting       | |  1.1
Dodging        | |  2.6
Unarmed Combat | |  3.2

Action                     |  1- 3 |  4- 6 || total
---------------------------+-------+-------++-------
  Melee: Unarmed           |   102 |       ||   102
         Punch             |     2 |       ||     2
         Short sword       |    16 |    24 ||    40
    Use: Potion            |     2 |     1 ||     3
         Scroll            |     2 |       ||     2
 Armour: Animal skin       |    60 |    11 ||    71
         Skin              |    10 |       ||    10
  Dodge: Dodged            |    53 |    10 ||    63

Table legend: (Time is in decaauts)
 A = Elapsed time spent in this place.
 B = Non-inter-level travel time spent in this place.
 C = Inter-level travel time spent in this place.
 D = Time resting spent in this place.
 E = Time spent auto-exploring this place.
 F = Levels seen in this place.
 G = Mean time per level.
                   A        B        C        D        E       F      G
               +--------+--------+--------+--------+--------+-----+--------+
         Total |   1525 |   1487 |     38 |    282 |    948 |   2 |  762.5 |
       Dungeon |   1525 |   1487 |     38 |    282 |    948 |   2 |  762.5 |
               +--------+--------+--------+--------+--------+-----+--------+

Top non-repeatable levels by time:
     D:1: 1207 daAuts
     D:2: 317 daAuts
